 Dungeon Crawl Stone Soup version 0.31-a0-841-g038b102fc3 (webtiles) character file.

Game seed: 6716163065225808614

9 Bravepunisher the Ducker (level 2, 0/16 HPs)
             Began as a Spriggan Monk on Sept 27, 2023.
             Slain by a gnoll bouda
             ... wielding a +0 club
              (6 damage)
             ... on level 6 of the Dungeon.
             The game lasted 00:02:55 (735 turns).

Bravepunisher the Ducker (Spriggan Monk)             Turns: 735, Time: 00:02:56

Health: 0/16       AC:  2    Str:  7    XL:     2   Next: 3%
Magic:  3/3        EV: 19    Int: 11    God:
Gold:   60         SH:  0    Dex: 17    Spells: 1/1 levels left

rFire   . . .        a - +0 short sword
rCold   . . .        (no shield)
rNeg    . . .        b - +0 robe
rPois   .            (helmet restricted)
rElec   .            (no cloak)
rCorr   .            (gloves unavailable)
SInv    +            (boots unavailable)
Will    .....        (no amulet)
Stlth   ++           (no ring)
HPRegen 0.22/turn    (no ring)
MPRegen 0.08/turn

%: no passive effects
@: very quick
A: very small, no large weapons, unfitting armour, see invisible, speed 3
a: no special abilities


You were on level 6 of the Dungeon.
You visited 1 branch of the dungeon, and saw 6 of its levels.

You collected 60 gold pieces.

Inventory:

Hand Weapons
 a - a +0 short sword (weapon)
Armour
 b - a +0 robe (worn)
Jewellery
 g - a ring of protection from fire
Scrolls
 e - 2 scrolls of identify {unknown}
 f - a scroll of silence {unknown}
 h - 2 scrolls of amnesia {unknown}
 i - a scroll of butterflies {unknown}
Potions
 c - a potion of ambrosia
 d - a potion of brilliance {unknown}
 j - a potion of haste {unknown}


   Skills:
 * Level 2.8 Fighting
 - Level 3.2 Short Blades
 + Level 4.2 Dodging


You had one spell level left.
You didn't know any spells.
Your spell library was empty.

Dungeon Overview and Level Annotations

Branches:
Dungeon (6/15)
 Temple: D:4-7

Altars:
Okawaru


Innate Abilities, Weirdness & Mutations

You are very small and have problems with some larger weapons.
You are too small for most types of armour.
You have supernaturally acute eyesight. (SInv)
You cover ground extremely quickly. (Speed+++)


Message History

h - 2 scrolls labelled ROEB MIYMU
i - a scroll labelled FOMNIKHECS You open the door.
There is an open door here.
A scorpion comes into view.
Found a club and 4 large rocks.
A jelly comes into view.
Found a scroll labelled MAVABE LUEFI.
You open the door.
Found a spear.
There is an open door here.
You see here a +0 spear.
A white imp comes into view.
The white imp shouts, "Abandon hope, thou mangled beef-witted lout!"
The white imp gestures at you. The puff of frost misses you.
An orc comes into view. It is wielding a +0 dagger.
The orc misses you. The orc attacks as it pursues you!
The orc closely misses you.
Found 17 gold pieces.
You enter a teleport trap!
The teleport trap disappears.
Your surroundings suddenly seem different.
Found a glowing pink potion.
j - a glowing pink potion A gnoll bouda comes into view.
It is wielding a +0 club. 2 gnolls come into view.
The gnoll shouts! x2; You hear a shout!
A gnoll comes into view.
It is wielding a +0 whip and carrying a wand of flame.
A gnoll comes into view. It is wielding a +0 spear.
Found a scroll labelled MAVABE LUEFI.
A gnoll comes into view. It is wielding a +0 spear.
The gnoll bouda misses you.
The gnoll shouts!
You hit the gnoll bouda but do no damage.
The gnoll bouda hits you with a +0 club!
Ouch! That really hurt!
You barely miss the gnoll bouda.
You hit the gnoll bouda but do no damage.
The gnoll bouda hits you with a +0 club.
You die...

....# #...#
#...# #.###..#
#.....####..
##.#........
#.#.#####..
#########.#.##
#.....@ggg.#.##
#.#######g###.##
#.###....##
##.## #.......##
##.# #####.##g#
#.## #.# #.# #.#
#.# #.#g. #.#
#g# ... ..gg.


You could see a gnoll bouda and 3 gnolls.

Vanquished Creatures
  A ball python (D:4)
  A bat (D:2)
  A giant cockroach (D:3)
  A goblin (D:2)
  A hobgoblin (D:1)
  A kobold (D:2)
  A rat (D:1)
7 creatures vanquished.

Notes
Turn   | Place    | Note
-------+----------+-------------------------------------------
     0 | D:1      | Bravepunisher the Spriggan Monk began the quest for the
                  | Orb.
     0 | D:1      | Reached XP level 1. HP: 11/11 MP: 2/2
   438 | D:4      | Reached XP level 2. HP: 12/16 MP: 3/3
   530 | D:5      | Entered Level 5 of the Dungeon
   578 | D:5      | Found an iron altar of Okawaru.
   645 | D:6      | Noticed a scorpion
   735 | D:6      | Slain by a gnoll bouda

Illustrated notes

Levels and vault maps discovered:
D:1:      dpeg_arrival_morbid_curiosity, layout_basic
D:2:      layout_basic
D:3:      layout_loops_ring, tgw_fedhas, cheibrodos_sewer_entry_drain,
          minmay_misc_feat_secret_circle
D:4:      layout_layer_cave, mainiacjoe_overflow_concentric_impassable,
          nemelex_diamond_rough_becter, minmay_unequal
D:5:      layout_basic, lemuel_tele_altar, lemuel_round_altar, uniq_ijyb,
          uniq_edmund
D:6:      layout_loops_ring, minmay_temple_entry_statues_fountains,
          kennysheep_generic_room_10, uniq_grinder

Action                     || total
---------------------------++-------
  Melee: Short sword       ||    53
         Punch             ||     1
   Stab: Sleeping          ||     2
 Armour: Robe              ||    18
  Dodge: Dodged            ||    53

Table legend: (Time is in decaauts)
 A = Elapsed time spent in this place.
 B = Non-inter-level travel time spent in this place.
 C = Inter-level travel time spent in this place.
 D = Time resting spent in this place.
 E = Time spent auto-exploring this place.
 F = Levels seen in this place.
 G = Mean time per level.
                   A        B        C        D        E       F      G
               +--------+--------+--------+--------+--------+-----+--------+
         Total |    470 |    470 |      0 |      0 |    134 |   6 |   78.3 |
       Dungeon |    470 |    470 |      0 |      0 |    134 |   6 |   78.3 |
               +--------+--------+--------+--------+--------+-----+--------+

Top non-repeatable levels by time:
     D:1: 118 daAuts
     D:2: 92 daAuts
     D:6: 71 daAuts
     D:3: 68 daAuts
     D:4: 63 daAuts
     D:5: 55 daAuts
